 Dungeon Crawl Stone Soup version 0.29-a0-542-g075992c915 (webtiles) character file.

Game seed: 4379646120509343695

39 kyalle the Poker (level 3, -3/29 HPs)
             Began as a Demonspawn Fighter on June 3, 2022.
             Slain by Crazy Yiuf
             ... wielding a +4 quarterstaff of chaos
              (10 damage)
             ... on level 2 of the Dungeon.
             The game lasted 00:03:52 (1194 turns).

kyalle the Poker (Demonspawn Fighter)               Turns: 1194, Time: 00:03:52

Health: -3/29      AC:  9    Str: 18    XL:     3   Next: 26%
Magic:  3/3        EV:  9    Int:  9    God:
Gold:   27         SH:  4    Dex: 12    Spells: 2/2 levels left

rFire   . . .      SeeInvis .   a - +0 trident
rCold   . . .      Faith    .   c - +0 buckler
rNeg    . . .      Spirit   .   b - +1 scale mail
rPois   .          Reflect  .   (no helmet)
rElec   .          Harm     .   (no cloak)
rCorr   .          Rampage  .   (no gloves)
Will    .....                   (no boots)
Stlth   ..........              (no amulet)
HPRegen 0.09/turn               (no ring)
MPRegen 0.08/turn               (no ring)

@: no status effects
A: hooves 1, molten scales 1
a: no special abilities


You were on level 2 of the Dungeon.
You visited 1 branch of the dungeon, and saw 2 of its levels.

You collected 27 gold pieces.

Inventory:

Hand Weapons
 a - a +0 trident (weapon)
 g - a +0 vorpal hunting sling
Missiles
 f - 71 stones (quivered)
Armour
 b - a +1 scale mail (worn)
 c - a +0 buckler (worn)
Jewellery
 h - a ring of ice
 i - an amulet of guardian spirit
Scrolls
 j - a scroll of magic mapping {unknown}
 k - a scroll of blinking {unknown}
Potions
 d - a potion of might
 e - a potion of flight


   Skills:
 - Level 3.0 Fighting
 * Level 3.4 Polearms
 - Level 2.6 Armour
 - Level 2.6 Shields


You had 2 spell levels left.
You didn't know any spells.
Your spell library contained the following spells:

 Spells                   Type           Power      Damage    Failure   Level
 Slow                     Hex            0%         N/A       86%         1
 Confusing Touch          Hex            0%         N/A       99%         3
 Vampiric Draining        Necr           0%         2d6       99%         3


Dungeon Overview and Level Annotations

Branches:
Dungeon (2/15)

Altars:

Annotations:
D:2 Crazy Yiuf


Innate Abilities, Weirdness & Mutations

You have large cloven feet.
You are partially covered in molten scales. (AC +2)


Message History

A hobgoblin comes into view.
A hobgoblin is nearby!
The hobgoblin closely misses you.
You closely miss the hobgoblin. You kick the hobgoblin.
The hobgoblin is heavily wounded.
The hobgoblin hits you but does no damage.
You closely miss the hobgoblin.
The hobgoblin is heavily wounded.
The hobgoblin misses you.
You completely miss the hobgoblin. You kick the hobgoblin.
The hobgoblin is severely wounded.
The hobgoblin closely misses you.
You puncture the hobgoblin!
You kill the hobgoblin!
You see here a hobgoblin corpse.
Found a book of Debilitation.
You pick up a book of Debilitation and begin reading...
You add the spells Slow, Vampiric Draining and Confusing Touch to your library.
Found a mace.
Found a runed translucent door.
Crazy Yiuf shouts!
Crazy Yiuf laughs, "Shadow koolooloo return to song!"
Crazy Yiuf cries, "Snower!"
You open the door.
Crazy Yiuf zaps a wand.
The puff of flame hits you.
Reach: a) +0 trident
Press: ? - help, Dir - move target, f - Crazy Yiuf
Aim: Crazy Yiuf, wielding a +4 quarterstaff of chaos, wearing a +0 cloak and carrying a wand of flame (13) (about 39% to evade your +0 trident)
You reach to attack!
You closely miss Crazy Yiuf. You hit Crazy Yiuf but do no damage.
Your kick misses Crazy Yiuf. Crazy Yiuf closely misses you.
Crazy Yiuf completely misses you.
You closely miss Crazy Yiuf. Crazy Yiuf closely misses you.
You barely miss Crazy Yiuf. You kick Crazy Yiuf.
Crazy Yiuf is moderately wounded.
Crazy Yiuf hits you with a +4 quarterstaff of chaos!
Ouch! That really hurt!
Crazy Yiuf freezes you.
* * * LOW HITPOINT WARNING * * *
You hit Crazy Yiuf.
Crazy Yiuf is moderately wounded.
Crazy Yiuf hits you with a +4 quarterstaff of chaos!
You die...

##### #####...#
#...#...##♣♣ ###
#...#....#.♣♣ ♣♣#..)#
#...##......♣♣♣♣@g...#
#....#.......♣..♣#...#
#....#...#..♣.♣♣♣ ###
#..>....##♣♣♣♣♣
#....†..# #....####
#....# #....# #....#
#...


You could see Crazy Yiuf.

Vanquished Creatures
  An adder (D:2)
  2 dart slugs (D:1)
  2 ball pythons (D:1)
  An endoplasm (D:1)
  A giant cockroach (D:1)
  2 goblins (D:1)
  4 hobgoblins
  4 quokkas
  2 bats (D:1)
  2 kobolds (D:1)
  3 rats (D:1)
24 creatures vanquished.

Notes
Turn   | Place    | Note
-------+----------+-------------------------------------------
     0 | D:1      | kyalle the Demonspawn Fighter began the quest for the Orb.
     0 | D:1      | Reached XP level 1. HP: 18/18 MP: 1/1
   178 | D:1      | Gained mutation: You have large cloven feet. [demonic
                  | ancestry]
   178 | D:1      | Reached XP level 2. HP: 24/24 MP: 2/2
   912 | D:2      | Gained mutation: You are partially covered in molten
                  | scales. (AC +2) [demonic ancestry]
   912 | D:2      | Reached XP level 3. HP: 19/29 MP: 3/3
  1185 | D:2      | Found a runed translucent door.
  1186 | D:2      | Noticed Crazy Yiuf
  1194 | D:2      | Slain by Crazy Yiuf

Illustrated notes

Levels and vault maps discovered:
D:1:      dpeg_arrival_radiant, layout_basic, nicolae_figureground_sparkle
D:2:      layout_basic, serial_curves, eino_curves_01, eino_curves_01,
          eino_curves_04, uniq_crazy_yiuf_cottage

Skill      XL: |  1  2 |
---------------+-------+-----
Polearms       | 2 3 |  3.4
Fighting       | |  3.0
Armour         | |  2.6
Shields        | |  2.6

Action                   || total
-------------------------++-------
Melee: Trident           ||    92
       Kick              ||    15
  Use: Scroll            ||     4
Armor: Scale mail        ||    42
Dodge: Dodged            ||    40
Block: Buckler           ||    16

Table legend: (Time is in decaauts)
 A = Elapsed time spent in this place.
 B = Non-inter-level travel time spent in this place.
 C = Inter-level travel time spent in this place.
 D = Time resting spent in this place.
 E = Time spent auto-exploring this place.
 F = Levels seen in this place.
 G = Mean time per level.
                   A        B        C        D        E       F      G
               +--------+--------+--------+--------+--------+-----+--------+
         Total |   1213 |   1093 |    120 |      0 |    813 |   2 |  606.5 |
       Dungeon |   1213 |   1093 |    120 |      0 |    813 |   2 |  606.5 |
               +--------+--------+--------+--------+--------+-----+--------+

Top non-repeatable levels by time:
     D:1: 955 daAuts
     D:2: 258 daAuts
